 Dungeon Crawl Stone Soup version 0.18-a0-1572-g0a86841 (webtiles) character file.

651 Sisyphus the Changer (level 7, -1/52 HPs)
             Began as a Pale Draconian Transmuter on Mar 15, 2016.
             Slain by an orc
             ... wielding a +0 hand axe
              (7 damage)
             ... on level 4 of the Dungeon.
             The game lasted 00:13:01 (3427 turns).

Sisyphus the Changer (Pale Draconian Transmuter)    Turns: 3427, Time: 00:13:02

Health: -1/52      AC:  2    Str: 12    XL:     7   Next: 28%
Magic:  7/10       EV: 19    Int: 16    God:
Gold:   102        SH:  0    Dex: 16    Spells: 3 memorised, 2 levels left

rFire  . . .     SeeInvis .       - Unarmed
rCold  . . .     Gourm    .     (armour unavailable)
rNeg   . . .     Faith    .     (shield currently unavailable)
rPois  .         Spirit   .     (helmet currently unavailable)
rElec  .         Dismiss  .     (cloak currently unavailable)
rCorr  .         Reflect  .     (gloves currently unavailable)
SustAt .         Harm     .     (boots currently unavailable)
MR     .....                    (no amulet)
Stlth  +.........               q - ring of poison resistance
                                f - ring of wizardry

@: lethally poisoned (-1 -> -3), spider-form (expiring), not resistant to
hostile enchantments, very unstealthy
A: (breathe steam), unfitting armour, (cold-blooded), AC +6
a: End Transformation


You were on level 4 of the Dungeon.
You were not hungry.
You were a venomous arachnid creature.
You visited 1 branch of the dungeon, and saw 4 of its levels.

You collected 102 gold pieces.

Inventory:

Hand Weapons
 o - a +0 blowgun
Missiles
 n - a throwing net (quivered)
 p - 13 poisoned needles
Armour
 d - a +0 cloak (melded)
Jewellery
 f - a ring of wizardry (left front leg)
 q - a ring of poison resistance (right front leg)
Scrolls
 e - a scroll of blinking {unknown}
 g - a scroll of magic mapping {unknown}
 h - a scroll of recharging {unknown}
 j - a scroll of immolation
 r - a scroll of random uselessness {unknown}
Potions
 i - a potion of agility
 l - a potion of cure mutation
Books
 b - a book of Changes

   Spells                             Type                      Level
   a - Beastly Appendage              Transmutation                1
   b - Sticks to Snakes               Transmutation                2
   c - Spider Form                    Transmutation/Poison         3
   d - Ice Form                       Ice/Transmutation            4
   e - Blade Hands                    Transmutation                5
Comestibles
 c - 4 bread rations
 m - a fruit


   Skills:
 - Level 1.1 Fighting
 - Level 1.7 Dodging
 - Level 3.1 Unarmed Combat
 - Level 2.0 Spellcasting
 + Level 7.0 Transmutations
 + Level 3.9 Ice Magic


You had 2 spell levels left.
You knew the following spells:

 Your Spells              Type           Power        Failure   Level  Hunger
a - Beastly Appendage     Trmt           ###...       2%          1    #......
b - Spider Form           Trmt/Pois      ##........   13%         3    ###....
c - Ice Form              Ice/Trmt       ###.....     22%         4    #####..


Dungeon Overview and Level Annotations

Branches:
Dungeon (4/15)
 Temple: D:4-7

Altars:
Pakellas

Shops:
D:4 =


Innate Abilities, Weirdness & Mutations

((You can breathe blasts of scalding, opaque steam.))
((Your pale cyan-grey scales are hard (AC +6).))
Your body does not fit into most forms of armour.
((You are cold-blooded and may be slowed by cold attacks.))


Message History

The adder poisons you!
You hit the adder.
The adder looks even sicker.
The adder is almost dead.
You feel sick. The adder barely misses you.
You miss the adder.
The adder is almost dead.
You kill the adder!
Your Transmutations skill increases to level 7!
You hit the orc.
The orc is poisoned.
The orc is moderately wounded.
You feel sick. The orc closely misses you.
You see here a smoky purple potion.
You hit the orc but do no damage.
The orc is poisoned.
You feel sick. The orc completely misses you. The orc misses you.
Your transformation is almost over.
You see here a short sword.
You hit the orc but do no damage.
The orc looks even sicker.
The orc hits you with a hand axe!
You die...

#.... ########....
#......#..((
#......#.... #####
#......###
##).)###.....## #
##!...?##....####.
#$.....?#....###..
#s......####.#...#
#oo....[###....##.
##.....###..#.###.
##...###..##.# #.
########†####.###.###.
............#.#...#...
.......o....#.......##
............#>.....###
##'########.######...#


You could see 2 orcs.

Vanquished Creatures
  3 ogres
  2 hounds (D:4)
  A centaur skeleton (D:4)
  2 orc priests (D:4)
  3 worker ants
  3 gnolls (D:3)
  6 adders
  2 oozes
  3 worms
  A giant gecko (D:2)
  6 orcs
  6 bats
  2 giant cockroaches
  10 goblins
  11 hobgoblins
  4 jackals (D:1)
  4 quokkas
  3 giant newts
  12 kobolds
  4 rats
88 creatures vanquished.

Vanquished Creatures (others)
  An orange crystal statue (D:2)
1 creature vanquished.

Grand Total: 89 creatures vanquished

Notes
Turn   | Place    | Note
--------------------------------------------------------------
     0 | D:1      | Sisyphus the Draconian Transmuter began the quest for the Orb.
     0 | D:1      | Reached XP level 1. HP: 16/16 MP: 3/3
   156 | D:1      | Reached XP level 2. HP: 11/23 MP: 3/5
   414 | D:1      | Reached skill level 3 in Transmutations
   866 | D:1      | Reached XP level 3. HP: 21/28 MP: 4/6
   871 | D:1      | Learned a level 3 spell: Spider Form
  1183 | D:2      | Reached skill level 4 in Transmutations
  1342 | D:2      | Reached XP level 4. HP: 33/35 MP: 5/7
  1377 | D:2      | Found an oddly glowing altar of Pakellas.
  1377 | D:2      | Noticed an orange crystal statue
  1378 | D:2      | Noticed a crocodile
  1386 | D:2      | Killed an orange crystal statue
  2205 | D:3      | Reached skill level 5 in Transmutations
  2255 | D:3      | Reached XP level 5. HP: 22/40 MP: 3/8
  2270 | D:3      | Learned a level 4 spell: Ice Form
  2549 | D:4      | Reached skill level 1 in Ice Magic
  2630 | D:4      | Noticed an ogre
  2671 | D:4      | Killed an ogre
  2671 | D:4      | Reached skill level 6 in Transmutations
  2671 | D:4      | Reached XP level 6. HP: 7/47 MP: 2/9
  2997 | D:4      | Found Jonnap's Jewellery Emporium.
  3106 | D:4      | Your scales start taking on a pale cyan-grey colour.
  3106 | D:4      | Reached XP level 7. HP: 25/52 MP: 6/10
  3421 | D:4      | Reached skill level 7 in Transmutations
  3427 | D:4      | Slain by an orc

Vault maps used:
D:1:      elethiomel_arrival_infinity_welcomes_careful_drivers, st_stairs_3,
          hangedman_decor_clover_reticule
D:2:      gammafunk_pakellas_statue_experiment, first_bread
D:4:      minmay_opposing_rooms, xom_teletrap_fun, serial_shops, shop,
          nicolae_underground_beach

Skill      XL: |  1  2  3  4  5  6  7 |
---------------+----------------------+-----
Transmutations | 3 4 5 6 7 |  7.0
Ice Magic      | 2 3 |  3.9
Fighting       | |  1.1
Dodging        | |  1.7
Unarmed Combat | |  3.1
Spellcasting   | |  2.0

Action                   |  1- 3 |  4- 6 |  7- 9 || total
-------------------------+-------+-------+-------++-------
Melee: Unarmed           |   148 |   151 |    37 ||   336
 Cast: Beastly Appendage |    23 |     6 |     1 ||    30
       Spider Form       |     2 |    14 |     2 ||    18
  Use: Scroll            |     2 |     3 |       ||     5
       Potion            |       |     2 |       ||     2
 Stab: Sleeping          |       |     1 |       ||     1
  Eat: Chunk             |     2 |     6 |     2 ||    10
       Fruit             |       |     2 |       ||     2
